 Dungeon Crawl Stone Soup version 0.14-a0-1029-g9530a8b (webtiles) character file.

371 PolkaDot the Ruinous (level 5, 0/35 HPs)
             Began as a Vampire Conjurer on Nov 23, 2013.
             Killed by divine providence
             ... invoked by an orc priest
              (12 damage)
             ... on Level 4 of the Dungeon.
             The game lasted 00:12:57 (4143 turns).

PolkaDot the Ruinous (Vampire Conjurer)             Turns: 4143, Time: 00:12:58

HP   0/35        AC  2     Str  7      XL: 5   Next: 90%
MP   2/9         EV 12     Int 18      God:
Gold 117         SH  0     Dex 14      Spells:  2 memorised,  3 levels left

Res.Fire  : . . .   See Invis. : +   (no weapon)
Res.Cold  : + . .   Warding    : .   a - +0 robe (curse)
Life Prot.: + + .   Conserve   : .   (no shield)
Res.Poison: +       Res.Corr.  : .   (no helmet)
Res.Elec. : .       Clarity    : .   (no cloak)
Sust.Abil.: . .     Spirit.Shd : .   (no gloves)
Res.Mut.  : .       Stasis     : .   (no boots)
Res.Rott. : +       Flight     : .   (no amulet)
Saprovore : . . .                    b - ring of protection from magic {unknown}
                                     n - ring of poison resistance {unknown}

@: regenerating slowly, quite resistant to hostile enchantments, stealthy
A: fangs 3, see invisible, unbreathing
a: Bat Form


You were on level 4 of the Dungeon.
You were thirsty.

You visited 1 branch of the dungeon, and saw 4 of its levels.

You collected 117 gold pieces.

Inventory:

Armour
 a - a cursed +0 robe (worn)
Scrolls
 d - 3 scrolls of enchant weapon II
Jewellery
 b - a ring of protection from magic (right hand) {unknown}
 e - an uncursed ring of see invisible {unknown}
 j - a +2 ring of dexterity
 m - a +0,+6 ring of slaying {unknown}
 n - a ring of poison resistance (left hand) {unknown}
Potions
 i - a potion of restore abilities
Books
 c - a book of Conjurations

   Spells                             Type                      Level
   *Magic Dart                        Conjuration                  1
   *Searing Ray                       Conjuration                  2
   Dazzling Spray                     Conjuration/Hexes            3
   Iskenderun's Mystic Blast          Conjuration                  4
   Iskenderun's Battlesphere          Conjuration/Charms           4
   Fulminant Prism                    Conjuration/Hexes            5


   Skills:
 - Level 2.1 Dodging
 - Level 3.0 Stealth
 - Level 1.0 Spellcasting
 * Level 5.4 Conjurations


You had 3 spell levels left.
You knew the following spells:

 Your Spells              Type           Power        Failure   Level  Hunger
s - Searing Ray           Conj           ###...       3%          2    ###....
z - Magic Dart            Conj           ###.         1%          1    ##.....


Dungeon Overview and Level Annotations

Branches:
Dungeon (4/16)
 Temple: D:4-7

Altars:
Trog

Annotations:
D:4 Blork the orc


Innate Abilities, Weirdness & Mutations

You heal slowly.
You have razor-sharp teeth.*
You have supernaturally acute eyesight.
You can survive without breathing.*


Message History

Something smites you!
* * * LOW HITPOINT WARNING * * *
The searing ray hits the orc.
You kill the orc!
The searing ray hits the orc.
The orc is heavily wounded.
* * * LOW MAGIC WARNING * * *
Drink which item? (? for menu, Esc to quit)
You feel better.
Read which item? (? for menu, Esc to quit)
As you read the scroll labeled CRUGOTIONU, it crumbles to dust.
Your +0 robe glows black for a moment.
It was a scroll of curse armour.
The orc hits you with an orcish dagger.
Read which item? (? for menu, Esc to quit)
As you read the scroll labeled SOGAIQETUM, it crumbles to dust.
The scroll dissolves into smoke.
It was a scroll of fog.
The orc hits you with an orcish dagger.
The orc priest invokes the aid of Beogh against you.
Something smites you!
You die...

....#####§§§.....#..#
#§§§.....#..#
#§o§....##..#
#§#####.##..# #.# #.##..#
#.# #.##..# #o# #.##..#
#.# #.##..#
#####@#####.##..#
........%......##..######
..#####.<.######.....#..
.####...######.....#..
..............?...=<...
................######
#####.######....##
#.##...#.....#
.........#...#


You could see an orc priest and an orc.

Vanquished Creatures
  A phantom (D:4)
  Terence (D:2)
  3 adders (D:2)
  2 giant mites
  An inept feature mimic (D:2)
  A worm (D:2)
  2 giant eyeballs (D:4)
  2 giant geckos
  An ooze (D:3)
  2 orcs
  17 bats
  8 hobgoblins
  10 kobolds
  A ball python (D:1)
  10 giant cockroaches
  4 giant newts
  7 goblins
  8 jackals
  2 quokkas
  9 rats
92 creatures vanquished.

Notes
Turn   | Place    | Note
--------------------------------------------------------------
     0 | D:1      | PolkaDot, the Vampire Conjurer, began the quest for the Orb.
     0 | D:1      | Reached XP level 1. HP: 13/13 MP: 4/4
    75 | D:1      | Reached XP level 2. HP: 14/19 MP: 1/5
  1182 | D:1      | Reached XP level 3. HP: 24/24 MP: 4/6
  1303 | D:2      | Learned a level 2 spell: Searing Ray
  1528 | D:2      | Reached skill level 4 in Conjurations
  1608 | D:2      | Noticed Terence
  1724 | D:2      | Killed Terence
  1770 | D:2      | Reached XP level 4. HP: 30/30 MP: 2/8
  3157 | D:3      | Reached XP level 5. HP: 28/35 MP: 2/9
  3321 | D:3      | Found a bloodstained altar of Trog.
  3638 | D:4      | Noticed a phantom
  3765 | D:4      | Killed a phantom
  3765 | D:4      | Reached skill level 5 in Conjurations
  3953 | D:4      | Paralysed by a giant eyeball for 2 turns
  4065 | D:4      | Noticed Blork the orc
  4143 | D:4      | Killed from afar by an orc priest

Action                   |  1- 3 |  4- 6 || total
-------------------------+-------+-------++-------
Melee: Unarmed           |    11 |    50 ||    61
Throw: Dart              |     6 |       ||     6
 Cast: Magic Dart        |    60 |    77 ||   137
       Searing Ray       |     5 |    18 ||    23
  Use: Potion            |     4 |     1 ||     5
       Scroll            |       |     6 ||     6
 Stab: Sleeping          |     1 |       ||     1
